Cogmind - Beta 13 @@@ ROGUE MODE // 2024.05.13 @ 09:19:24 Player: Hejka26 Result: Destroyed by S-10 Pest with Light Assault Rifle Performance ------------- Evolutions (0) 0 Regions Visited (2) 400 Robots Destroyed (11) 55 Value Destroyed (279) 279 Prototype IDs (0) 0 Alien Tech Used (0) 0 Bonus (0) 0 TOTAL SCORE: 734 Bonus ------- None Cogmind --------- Core Integrity 0/250 Matter 290/300 Energy 125/125 System Corruption 3% Temperature Cool (0) Movement Rolling (90) Location -10/Mines Parts ------- > --- POWER (1) -------- Light Ion Engine > --- PROPULSION (2) --- Wheel Compact Wheel > --- UTILITY (2) ------ Seismic Detector Targeting Computer > --- WEAPON (2) ------- Small Laser Particle Gun > --- INVENTORY (5) ---- Light Ion Engine Flight Unit Small Storage Unit Seismic Detector Targeting Computer Peak State ------------ > --- POWER ------------ Light Ion Engine > --- PROPULSION ------- Aluminum Leg Aluminum Leg > --- UTILITY ---------- Small Storage Unit Targeting Computer > --- WEAPON ----------- Small Laser Particle Gun > --- INVENTORY -------- Aluminum Leg Wheel Compact Wheel Targeting Computer [Rating: 8] Favorites ----------- Power Light Ion Engine Engine Light Ion Engine Propulsion Aluminum Leg Leg Aluminum Leg Wheel Wheel Utility Targeting Computer Device Seismic Detector Storage Small Storage Unit Processor Targeting Computer Weapon Small Laser Energy Gun Small Laser Build | -11 -10 -10 ------- Run | Yrd Mat Min Slots Evolved . | . . . Power . | . . . Propulsion . | . . . Utility . | . . . Weapon . | . . . Parts Attached 16 | 6 9 1 Power 4 | 1 2 1 Engine 4 | 1 2 1 Core . | . . . Reactor . | . . . Propulsion 5 | 2 3 . Treads . | . . . Leg 3 | 2 1 . Wheel 2 | . 2 . Hover . | . . . Flight . | . . . Utility 3 | 1 2 . Device 1 | . 1 . Storage 1 | 1 . . Processor 1 | . 1 . Hackware . | . . . Protection . | . . . Artifact . | . . . Weapon 4 | 2 2 . Energy Gun 4 | 2 2 . Energy Cannon . | . . . Ballistic Gun . | . . . Ballistic Cannon . | . . . Launcher . | . . . Special Weapon . | . . . Impact Weapon . | . . . Slashing Weapon . | . . . Piercing Weapon . | . . . Special Melee Weapon . | . . . Unidentified Prototypes . | . . . Parts Lost 5 | . 5 . Power 1 | . 1 . Propulsion 2 | . 2 . Utility . | . . . Weapon 2 | . 2 . Highest Loss Streak 3 | . 3 . To Critical Strikes . | . . . Average Slot Usage (%) 96 | . 96 100 Engine 13 | . 13 14 Leg 15 | . 15 . Wheel 12 | . 12 28 Device 6 | . 6 14 Storage 7 | . 7 . Processor 12 | . 11 14 Energy Gun 27 | . 27 28 Naked Turns . | . . . Heaviest Build 12 | 10 12 8 Greatest Support 26 | 20 26 26 Greatest Overweight (x) 1 | 1 . . Average Overweight (x) . | . . . Largest Inventory Capacity 8 | 8 8 5 Average Capacity 6 | 7 6 5 Most Carried 6 | 3 6 5 Average Carried 4 | 1 4 5 Final Capacity 8 | 8 5 5 Final Carried 5 | 3 5 5 Class Distribution -------------------- 100% | Mutant Dominant Class ---------------- Mutant | -10/Materials Mutant | -10/Mines Resources | -11 -10 -10 ----------- Run | Yrd Mat Min Matter Collected 259 | 143 116 . Remotely . | . . . Salvage Created 370 | . 370 . Parts 25 | . 25 . Haulers Intercepted . | . . . Recyclers Shooed . | . . . Parts Field Recycled . | . . . Retrieved Matter . | . . . Parts Self-Destructed . | . . . Prevented . | . . . Kills | -11 -10 -10 ------- Run | Yrd Mat Min Combat Hostiles Destroyed 9 | . 9 . Guns 9 | . 9 . Classes Destroyed 3 | . 3 . Watcher 2 | . 2 . Swarmer 3 | . 3 . Grunt 6 | . 6 . Best Kill Streak 3 | . 3 . Combat Bots Only 3 | . 3 . Max Kills in Single Turn 1 | . 1 . Gunslinging . | . . . Exploded . | . . . Melee . | . . . Uniques/NPCs Destroyed . | . . . Combat | -11 -10 -10 -------- Run | Yrd Mat Min Hostile Shots Fired 69 | . 62 7 Missed 15 | . 13 2 Damage Taken 804 | . 763 41 Core 256 | . 223 33 Absorbed by Shields . | . . . Core Remaining (%) 100 | 100 . . Volleys Fired 55 | . 55 . Largest 2 | . 2 . Hottest 105 | . 105 . Shots Fired 105 | . 105 . Gun 105 | . 105 . Cannon . | . . . Launcher . | . . . Special . | . . . Kinetic . | . . . Thermal 105 | . 105 . Explosive . | . . . Electromagnetic . | . . . Robot Hit Streak 12 | . 12 . Robot Miss Streak 4 | . 4 . Penetration Max . | . . . Secondary Targets 1 | . 1 . Max Gunslinging Chain 1 | . 1 . Shots Hit Robots 61 | . 61 . Core Hits 18 | . 18 . Critical Kills . | . . . Critical Parts Destroyed . | . . . Critical Strikes . | . . . Melee Attacks . | . . . Impact . | . . . Slashing . | . . . Piercing . | . . . Sneak Attacks . | . . . Combat Hostiles . | . . . Follow-up Attacks . | . . . Damage Inflicted 711 | . 711 . Guns 711 | . 711 . Cannons . | . . . Explosions . | . . . Melee . | . . . Ramming . | . . . Kinetic . | . . . Thermal 711 | . 711 . Explosive . | . . . Electromagnetic . | . . . Impact . | . . . Slashing . | . . . Piercing . | . . . Highest Corruption 3 | . 3 3 Average Corruption 1 | . 1 3 Corruption Purged . | . . . Corruption Blocked . | . . . Effects 9 | . 9 . Message Errors 3 | . 3 . Matter Fused 1 | . 1 . Energy Discharges 1 | . 1 . Data Loss (minor) 1 | . 1 . Data Loss (major) 1 | . 1 . Misfires 2 | . 2 . Overload Shots . | . . . Overflow Damage . | . . . Projectiles . | . . . Explosions . | . . . Melee . | . . . Knockbacks . | . . . Impact . | . . . Kinetic . | . . . Secondary . | . . . Self-Inflicted Damage . | . . . Shots . | . . . Rammed . | . . . Targets Rammed . | . . . Kicked . | . . . Crushed . | . . . Highest Temperature 282 | . 282 . Average Temperature 82 | . 82 . Received Heat Transfer 204 | . 204 . Siege Activations . | . . . Robots Corrupted . | . . . Combat Hostiles . | . . . Parts Fried . | . . . Impact Corruptions . | . . . Robots Melted . | . . . Combat Hostiles . | . . . Parts Melted 1 | . 1 . Heat Transferred 1657 | . 1657 . Parts Sabotaged . | . . . Parts Stolen . | . . . Parts Stripped . | . . . Power Chain Reactions . | . . . Alert | -11 -10 -10 ------- Run | Yrd Mat Min Peak Influence 213 | . 213 5 Initial 5 | . . 5 Average 45 | . 48 5 Maximum Alert Level 1 | . 1 . Low Security (%) 99 | 100 98 100 Level 1 . | . 1 . Level 2 . | . . . Level 3 . | . . . Level 4 . | . . . Level 5 . | . . . High Security . | . . . Max Security . | . . . Squads Dispatched 6 | . 6 . Investigation 5 | . 5 . Extermination . | . . . Reinforcement 1 | . 1 . Assault . | . . . Garrison . | . . . Intercept . | . . . Searches Triggered . | . . . Construction Impeded . | . . . Haulers Reinforced . | . . . Active Scanning Responses . | . . . Cargo Convoy Interrupts . | . . . Stealth | -11 -10 -10 --------- Run | Yrd Mat Min Distress Signals 2 | . 2 . Communications Jammed . | . . . Distress Signals . | . . . Times Spotted 22 | . 19 3 Peak Tracking Total 4 | . 4 3 Tactical Retreats 1 | . 1 . Traps | -11 -10 -10 ------- Run | Yrd Mat Min Traps Triggered 2 | . 2 . Indirectly . | . . . Trap Hack Attempts . | . . . Triggered . | . . . Disarmed . | . . . Reprogrammed . | . . . Reused . | . . . Traps Extracted . | . . . Installed . | . . . Triggered . | . . . Machines | -11 -10 -10 ---------- Run | Yrd Mat Min Machines Disabled . | . . . Max in Single Turn . | . . . Machines Repaired . | . . . Machines Dismantled . | . . . Machines Sabotaged . | . . . Overloaded Fab Kills . | . . . Hacking | -11 -10 -10 --------- Run | Yrd Mat Min Machines Accessed 8 | . 8 . Terminals 5 | . 5 . Fabricators . | . . . Repair Stations 1 | . 1 . Recycling Units 2 | . 2 . Scanalyzers . | . . . Garrison Access . | . . . Total Hacks 28 | . 28 . Successful 12 | . 12 . Failed 16 | . 16 . Catastrophic 3 | . 3 . Database Lockouts . | . . . Manual 8 | . 8 . Terminals 16 | . 16 . Fabricators . | . . . Repair Stations 4 | . 4 . Recycling Units 8 | . 8 . Scanalyzers . | . . . Garrison Access . | . . . Terminal Hacks 5 | . 5 . Emergency Access Points 1 | . 1 . Alert Level 1 | . 1 . Dispatch Records 1 | . 1 . Maintenance Status 1 | . 1 . Zone Layout 1 | . 1 . Fabricator Hacks . | . . . Repair Station Hacks 1 | . 1 . Scan Component 1 | . 1 . Recycling Unit Hacks 6 | . 6 . Process 2 | . 2 . Report Inventory 2 | . 2 . Retrieve Matter 2 | . 2 . Scanalyzer . | . . . Garrison Access Hacks . | . . . Unauthorized Hacks . | . . . Terminals . | . . . Fabricators . | . . . Repair Stations . | . . . Recycling Units . | . . . Scanalyzers . | . . . Garrison Access . | . . . Data Cores Recovered . | . . . Used . | . . . Hacking Detections 7 | . 7 . Full Trace Events 6 | . 6 . Feedback Events 2 | . 2 . Corruption 2 | . 2 . Feedback Blocked . | . . . Robot Schematics Acquired . | . . . Robots Built . | . . . Authchips . | . . . Time . | . . . Total Robot Build Rating . | . . . Part Schematics Acquired . | . . . Parts Built . | . . . Authchips . | . . . Time . | . . . Total Part Build Rating . | . . . Parts Repaired . | . . . Time . | . . . Parts Recycled . | . . . Recycled Matter 76 | . 76 . Retrieved Matter 76 | . 76 . Retrieved Components . | . . . Parts Scanalyzed . | . . . Part Schematics Acquired . | . . . Parts Damaged . | . . . Bothacking | -11 -10 -10 ------------ Run | Yrd Mat Min Used RIF Installer . | . . . Robots Hacked . | . . . Non-combat . | . . . Combat . | . . . Robot Hacks Applied . | . . . Relay Couplers Released . | . . . Fabnet Peak Effective % . | . . . Robots Rewired . | . . . Allies Hacked . | . . . Hacks Repelled . | . . . Allies | -11 -10 -10 -------- Run | Yrd Mat Min Total Allies . | . . . Largest Group . | . . . Highest-Rated Group . | . . . Highest-Rated Ally . | . . . Total Orders . | . . . Ally Attacks . | . . . Total Damage . | . . . Kills . | . . . Allies Corrupted . | . . . Allies Melted . | . . . Intel | -11 -10 -10 ------- Run | Yrd Mat Min Robot Analysis Total . | . . . Derelict Logs Recovered . | . . . Drone Launches . | . . . Drone Recoveries . | . . . Exploration | -11 -10 -10 ------------- Run | Yrd Mat Min Turns Passed 1634 | 88 1529 17 Spaces Moved 1205 | 61 1127 17 Core 8 | 8 . . Treads . | . . . Legs 558 | 53 505 . Wheels 639 | . 622 17 Hover . | . . . Flight . | . . . Fastest Speed 50 | 50 80 90 Average Speed 103 | 114 102 90 Slowest Speed 120 | 120 120 90 Overloaded Moves . | . . . Propulsion Burnouts . | . . . Robots Hopped . | . . . Cave-ins Triggered . | . . . Exploration Rate (%) 32 | 4 84 10 Regions Visited 2 Branch Regions 1 Pre-discovered Areas . | . . . Known Exits Taken . | . . . Unknown Exits Taken 2 | 1 1 . Scrap Searched . | . . . Spaces Dug . | . . . Terrain Destroyed . | . . . Melee . | . . . Projectile . | . . . AOE . | . . . Terrain Rammed . | . . . Walls Destroyed . | . . . Machines Disabled . | . . . Actions | -11 -10 -10 --------- Run | Yrd Mat Min Total 1489 | 79 1392 18 Wait 195 | 4 191 . Move 1203 | 60 1126 17 Hop . | . . . Pick Up 18 | 9 9 . Fast Attach 1 | . 1 . Attach 12 | 6 6 . Detach . | . . . Swap 3 | . 2 1 Drop 2 | . 2 . Fire 55 | . 55 . Melee . | . . . Ram . | . . . Kick . | . . . Crush . | . . . Escape Stasis . | . . . Rewire . | . . . Trap . | . . . Miscellaneous . | . . . Route ------- -11/Scrapyard -10/Materials (discovered 2 exits: [*Mat] / [*Min]) -10/Mines (discovered 1 exit: [*Mat]) History --------- Turn | Location | Event 28 | -11/Scrapyard | Discovered new exit (range 16) 89 | -11/Scrapyard | Entered Materials 223 | -10/Materials | Discovered new exit (range 14) 324 | -10/Materials | Build established: Mutant 830 | -10/Materials | Discovered new exit (range 9) 929 | -10/Materials | Core integrity fell below 50% 929 | -10/Materials | Core integrity fell below 20% 959 | -10/Materials | Lost 3 parts (2n1w) 1618 | -10/Materials | Entered Mines 1620 | -10/Mines | Discovered new exit (range 12) 1635 | -10/Mines | Destroyed by S-10 Pest with Light Assault Rifle Last Messages --------------- 01420_ ALERT: Suspicious activity at Terminal M005. Dispatching Investigation squad. 01512_ ,VE%BS,&U0IUC9BRV>KZ,IIIZ2I6F7>5TWP6 01533_ K-01 Serf cleans the Material Processor. 01547_ K-01 Serf cleans the Terminal. 01550_ K-01 Serf cleans the Material Processor. 01564_ K-01 Serf cleans the Terminal. 01584_ Connecting with Terminal... 01607_ K-01 Serf cleans the Atomic Centrifuge. 01609_ Connecting with Terminal... Feedback: System corruption (+1%). 01609_ ALERT: Suspicious activity at Terminal M002. Dispatching Investigation squad. LOCATION=UNKNOWN GOAL=ESCAPE Something is scanning the area. 01620_ EXIT=FOUND 01633_ K-01 Serf collects debris. Map ----- +----------------------------------------------------+ | ?????????????????????????????????????????????????? | | ?????????????????????????????????????????????????? | | ?????????????????????????????????????????????????? | | ?????????????????????????????????????????????????? | | ?????????????????????????????????????????????????? | | ?????????????????????????????????????????????????? | | ?????????????????????????????????????????????????? | | ?????????????????????????????????????????????????? | | ?????????????????????????????????????????????????? | | ?????????????????????????????????????????????????? | | ?????????????????????????????????????????????????? | | ?????????????????????????????????????????????????? | | ?????????????????????????????????????????????????? | | ?????????????????????????????????????????????????? | | ?????????????????????????????????????????????????? | | ?????????????????????????????????????????????????? | | ?????????????????????##?#####????????????????????? | | ?????????????????????# #?????????????????? | | ?????????????????????# """ """ #?????????????????? | | ?????????????????????# """ """ #?????????????????? | | ?????????????????????# """ """ #?????????????????? | | ?????????????????#???# #?????????????????? | | ?????????????????# ??# #?????????????????? | | ?????????????????# ## s #?????????????????? | | ?????????????????# rks #?????????????????? | | ?????????????????????# k@< k #?????????????????? | | ?????????????????????# rs #?????????????????? | | ?????????????????????### ######?????????????????? | | ???????????????????????# #??????????????????????? | | ???????????????????????# #??????????????????????? | | ???????????????????????# #??????????????????????? | | ??????????????????????## #??????????????????????? | | ??????????????????????# ##?????????????????????? | | ??????????????????????# #?????????????????????? | | ?????????????????????## #?????????????????????? | | ?????????????????????# ##????????????????????? | | ?????????????????????# ###??????????????????? | | ?????????????????????## #??????????????????? | | ??????????????????????## ???????????? | | ???????????????????????# ####??????????? | | ???????????????????????# ### #####?????????????? | | ??????????????????????? ##?? #?????????????????? | | ?????????????????????? #????#?????????????????? | | ????????????????????? ??????????????????????? | | ????????????????????# ??????????????????????? | | ????????????????????## #??????????????????????? | | ?????????????????????## ##??????????????????????? | | ??????????????????????###????????????????????????? | | ?????????????????????????????????????????????????? | | ?????????????????????????????????????????????????? | +----------------------------------------------------+ Best States ------------- Heat Dissipation 25 Energy Generation 10 Energy Capacity 125 Matter Stores 300 Matter Capacity 300 Sight Range 16 Terrain Scan Density 10 Evasion (%) 55 Targeting Accuracy 5 Item Schematics ----------------- None Robot Schematics ------------------ None Fabricated ------------ Nothing Alien Tech Used ----------------- None Achievements -------------- None Challenges ------------ None Game ------ Seed ChromaticIonJammer Manual? 0 Play Time 00:21:27 Cumulative 3.6 hours Start 2024.05.13 @ 08:48:31 End 2024.05.13 @ 09:19:24 Sessions 1 Manual Loads 0 Difficulty Rogue Special Mode None Game No. 6 Rogue 6 Adventurer 0 Explorer 0 Win Type - Total 0 Types 0/0/0/0/0/0/0/0/0 Lore% 1 Gallery% 7 Achievement% 7 Wizard Run 0 Options --------- Layout 1 ASCII 0 Keyboard 1 Movement Vi Keybinds 0 Fullscreen 2 Font 24/Smallcaps Map View 50x35 Zoom Use 0% Tactical HUD 1 Map Filters NONE Filters NONE Steam 1 RUN: ec814ada-9eaf-42ac-9b03-60dc881ca302